Wild vs Blues

Created - November-16-14 at 10:14

Goals
1 2 3 T
Wild 0 1 0 1
Blues 0 1 1 2
Shots
1 2 3 T
Wild 15 9 13 37
Blues 8 12 10 30

1st period

No Goal

Penalties :
Jeff Petry (STL) for Cross-checking (Minor) at 2:44, Kevin Klein (STL) for Interference (Minor) at 10:29, Bobby Ryan (MIN) for Interference (Minor) at 10:29, Erik Cole (MIN) for Interference (Minor) at 18:21

2nd period

1. Wild , Bobby Ryan 10 (Marian Gaborik, Mark Streit) at 16:29
2. Blues , Carl Gunnarsson 2 (Jiri Hudler, Jeff Zatkoff) at 17:43 (PP)

Penalties :
Jeff Petry (STL) for Hooking (Minor) at 3:24, Kevin Klein (STL) for High sticking (Minor) at 6:46, Marco Scandella (MIN) for Holding (Minor) at 16:53, Mike Ribeiro (STL) for Checking from behind (Major / Game Misconduct) at 17:44

3rd period

3. Blues , Alex Tanguay 7 (Antoine Vermette, Jussi Jokinen) at 15:21

Penalties :
Matt Irwin (STL) for Fighting (Major) at 2:48, Marco Scandella (MIN) for Fighting (Major) at 2:48, Erik Cole (MIN) for Hooking (Minor) at 11:22, David Jones (STL) for Roughing (Minor) at 17:51

Goalie Stats

Josh Harding (MIN), 28 saves from 30 shots - (0.933), L, 10-6-0, 59:02 minutes
Jeff Zatkoff (STL), 36 saves from 37 shots - (0.973), W, 2-1-0, 60:00 minutes

Players Stats for Wild

Player Name              G  A  P  +/- PIM S  H  SB GA TA FO     MP     PP MP  PK MP  
------------------------------------------------------------------------------------
Bobby Ryan               1  0  1   0  2   9  2  0  0  0  12/26  21:11   6:02   0:00 
Chris Conner             0  0  0   0  0   0  1  0  0  0  1/2    12:36   0:00   1:24 
Chris Phillips           0  0  0   0  0   0  2  2  0  0  0/0    14:41   0:00   2:22 
Daniel Alfredsson        0  0  0   0  0   7  3  0  0  0  0/0    21:57   6:53   0:00 
Erik Cole                0  0  0   0  4   2  3  0  0  0  2/3    13:09   0:00   0:26 
Fedor Tyutin             0  0  0   0  0   1  3  2  0  0  0/0    23:40   6:47   0:22 
Jesse Winchester         0  0  0   0  0   0  0  0  0  0  3/5     2:55   0:00   2:55 
John-Michael Liles       0  0  0   0  0   3  1  1  0  0  0/0    22:02   6:47   2:26 
Marco Scandella          0  0  0   0  7   1  2  2  0  0  0/0    15:06   0:00   2:04 
Marian Gaborik           0  1  1   0  0   2  0  0  0  0  0/0    22:03   6:02   0:00 
Mark Streit              0  1  1   0  0   3  0  1  0  0  0/0    21:50   6:08   0:00 
Michael Ryder            0  0  0   0  0   2  1  0  0  0  1/2    19:49   6:02   0:00 
Michael Stone            0  0  0   0  0   2  3  0  0  0  0/0    20:17   6:08   0:00 
Mikko Koivu              0  0  0   0  0   4  0  0  0  0  18/37  24:22   6:53   2:58 
Milan Michalek           0  0  0   0  0   1  3  0  0  0  1/1    22:03   6:53   0:00 
Pierre-Marc Bouchard     0  0  0   0  0   0  1  0  0  0  11/16  13:05   0:00   1:53 
Rob Scuderi              0  0  0   0  0   0  0  0  0  0  0/0     2:22   0:00   2:22 
Rostislav Klesla         0  0  0   0  0   0  0  0  0  0  0/0     0:00   0:00   0:00 

Players Stats for Blues

Player Name              G  A  P  +/- PIM S  H  SB GA TA FO     MP     PP MP  PK MP  
------------------------------------------------------------------------------------
Alex Tanguay             1  0  1   1  0   5  0  0  0  0  0/1    14:43   2:44   0:00 
Antoine Vermette         0  1  1   1  0   5  5  0  0  0  12/20  22:57   2:24   7:01 
Bryan Little             0  0  0   0  0   0  0  0  0  0  6/13   25:19   2:50   5:20 
Carl Gunnarsson          1  0  1   0  0   2  2  5  0  0  0/0    24:07   2:23   7:44 
Dan Hamhuis              0  0  0   0  0   2  0  2  0  0  0/0    24:53   2:25   6:57 
David Jones              0  0  0   0  2   1  0  1  0  0  0/0     4:57   0:14   0:00 
Jeff Petry               0  0  0   0  4   2  7  2  0  0  0/0    19:58   0:00   4:56 
Jiri Hudler              0  1  1   0  0   1  0  0  0  0  0/1    17:36   2:24   2:47 
Jussi Jokinen            0  1  1   1  0   2  1  1  0  0  8/19   24:41   2:23   7:02 
Kevin Klein              0  0  0   0  4   0  1  2  0  0  0/0    14:06   0:00   0:00 
Lee Stempniak            0  0  0  -1  0   2  1  0  0  0  0/1    11:36   0:00   0:00 
Matt Irwin               0  0  0   0  5   3  2  0  0  0  0/0    15:17   2:25   1:02 
Michael Frolik           0  0  0  -1  0   2  1  0  0  0  0/1    11:10   0:00   0:00 
Mike Fisher              0  0  0   0  0   1  3  0  0  0  11/15  16:04   0:00   0:30 
Mike Ribeiro             0  0  0  -1  15  2  4  0  0  0  6/14   11:17   1:25   3:10 
Mike Weaver              0  0  0   0  0   0  3  3  0  0  0/0    21:34   2:23   5:11 
R.J. Umberger            0  0  0   0  0   0  0  0  0  0  0/7     4:44   0:00   0:00 
Sergei Gonchar           0  0  0   0  0   0  0  0  0  0  0/0     0:00   0:00   0:00 

3 Stars

1 - Jeff Zatkoff (STL)
2 - Carl Gunnarsson (STL)
3 - Antoine Vermette (STL)

Power Play

Wild - 0 on 5 Attempt(s) - 0.00%
Blues - 1 on 3 Attempt(s) - 33.33%

Penalty Kill

Wild - 2 on 3 Attempt(s) - 66.67% - Score 0 goal in Penalty Kill
Blues - 5 on 5 Attempt(s) - 100.00% - Score 0 goal in Penalty Kill

Official

Referees : Trevor Hanson and Chris Rooney
Linesman : Scott Driscoll and Lonnie Cameron

Game Notes

Mike Ribeiro ejected from game at 17:44 of 2nd period
Matt Irwin beats up Marco Scandella at 2:48 of 3rd period

Finance

Level 1 -- Attendance: 4715 (72.54%) -- Ticket Income $589,375
Level 2 -- Attendance: 2947 (58.94%) -- Ticket Income $294,700
Level 3 -- Attendance: 2839 (81.11%) -- Ticket Income $170,340
Level 4 -- Attendance: 2141 (70.85%) -- Ticket Income $96,345
Luxury Box -- Attendance: 664 (66.40%) -- Ticket Income $166,000
Game was played at the Scottrade Center
Total Attendance: 13306 (69.95%)
Total Ticket Income: $1,316,760
Other Income: $197,514
Total Income: $1,514,274

% Time on Ice - Wild

Lines # - Real PCT - Wanted PCT - Time Play
Normal Forward
1 - 34% - 42% - 13:47
2 - 36% - 42% - 14:37
3 - 28% - 11% - 11:12
4 - 1% - 5% - 0:33
Normal Defense
1 - 39% - 40% - 15:51
2 - 30% - 30% - 12:03
3 - 30% - 25% - 12:14
4 - 0% - 5% - 0:01
PP Forward
1 - 53% - 52% - 6:53
2 - 47% - 48% - 6:02
PP Defense
1 - 47% - 50% - 6:08
2 - 53% - 50% - 6:47
PK Forward
1 - 39% - 50% - 1:53
2 - 61% - 50% - 2:55
PK Defense
1 - 49% - 50% - 2:22
2 - 51% - 50% - 2:26
PK3 Forward
1 - 0% - 50%
2 - 0% - 50%
PK3 Defense
1 - 0% - 50%
2 - 0% - 50%
44 Forward
1 - 71% - 50% - 1:24
2 - 29% - 50% - 0:35
44 Defense
1 - 71% - 48% - 1:24
2 - 29% - 52% - 0:35
Last Minute Offensive  - 0:09
Last Minute Defensive  - 0:00
Total
Forward - 60:00
Defense - 60:00

% Time on Ice - Blues

Lines # - Real PCT - Wanted PCT - Time Play
Normal Forward
1 - 31% - 38% - 12:25
2 - 30% - 31% - 11:59
3 - 27% - 19% - 11:01
4 - 12% - 12% - 4:44
Normal Defense
1 - 31% - 35% - 12:35
2 - 33% - 33% - 13:25
3 - 35% - 32% - 14:08
4 - 0% - 0% - 0:01
PP Forward
1 - 59% - 64% - 2:50
2 - 41% - 36% - 1:58
PP Defense
1 - 50% - 60% - 2:25
2 - 50% - 40% - 2:23
PK Forward
1 - 42% - 50% - 5:23
2 - 58% - 50% - 7:32
PK Defense
1 - 60% - 60% - 7:44
2 - 40% - 40% - 5:11
PK3 Forward
1 - 0% - 55%
2 - 0% - 45%
PK3 Defense
1 - 0% - 60%
2 - 0% - 40%
44 Forward
1 - 71% - 58% - 1:24
2 - 29% - 42% - 0:35
44 Defense
1 - 71% - 60% - 1:24
2 - 29% - 40% - 0:35
Last Minute Offensive  - 0:00
Last Minute Defensive  - 0:09
Total
Forward - 60:00
Defense - 60:00

Play by Play

1st period


0:01 of 1st period - Mike Fisher wins face-off versus Mikko Koivu in neutral zone.
0:38 of 1st period - Shot by Daniel Alfredsson.
0:38 of 1st period - Deflect By Michael Ryder.
0:38 of 1st period - Stopped by Jeff Zatkoff with a rebound.
0:40 of 1st period - Shot by Mikko Koivu.
0:40 of 1st period - Stopped by Jeff Zatkoff with a rebound.
0:47 of 1st period - Icing by Dan Hamhuis.
0:48 of 1st period - Bobby Ryan wins face-off versus Mike Fisher in Blues zone.
1:42 of 1st period - John-Michael Liles is hit by Antoine Vermette and loses puck.
2:13 of 1st period - Shot by Chris Conner.
2:13 of 1st period - Shot Blocked by Kevin Klein.
2:19 of 1st period - Shot by John-Michael Liles.
2:19 of 1st period - Stopped by Jeff Zatkoff with a rebound.
2:43 of 1st period - Shot by Daniel Alfredsson.
2:43 of 1st period - Stopped by Jeff Zatkoff without a rebound.
2:44 of 1st period - Bobby Ryan wins face-off versus R.J. Umberger in Blues zone.
2:44 of 1st period - Minor Penalty to Jeff Petry for Cross-checking.
2:45 of 1st period - Mikko Koivu wins face-off versus Bryan Little in Blues zone.
2:46 of 1st period - Shot by Michael Stone.
2:46 of 1st period - Shot Blocked by Dan Hamhuis.
2:56 of 1st period - Shot by Mark Streit.
2:56 of 1st period - Stopped by Jeff Zatkoff without a rebound.
2:57 of 1st period - Jussi Jokinen wins face-off versus Bobby Ryan in Blues zone.
3:22 of 1st period - Shot by Bobby Ryan.
3:22 of 1st period - Stopped by Jeff Zatkoff without a rebound.
3:23 of 1st period - Mike Ribeiro wins face-off versus Mikko Koivu in Blues zone.
3:42 of 1st period - Mike Ribeiro is hit by Michael Stone and loses puck.
3:46 of 1st period - Icing by Michael Stone.
3:47 of 1st period - Mikko Koivu wins face-off versus Bryan Little in Wild zone.
3:54 of 1st period - Carl Gunnarsson is hit by Milan Michalek and loses puck.
4:15 of 1st period - Shot by Michael Stone.
4:15 of 1st period - Stopped by Jeff Zatkoff without a rebound.
4:16 of 1st period - Michael Ryder wins face-off versus Jussi Jokinen in Blues zone.
4:16 of 1st period - Michael Ryder is hit by Mike Weaver.
4:34 of 1st period - Shot by Bobby Ryan.
4:34 of 1st period - Stopped by Jeff Zatkoff without a rebound.
4:35 of 1st period - Bobby Ryan wins face-off versus Jussi Jokinen in Blues zone.
4:59 of 1st period - Shot by Erik Cole.
4:59 of 1st period - Stopped by Jeff Zatkoff without a rebound.
5:00 of 1st period - Bobby Ryan wins face-off versus Alex Tanguay in Blues zone.
5:00 of 1st period - Mark Streit is hit by Jeff Petry and loses puck.
5:12 of 1st period - Alex Tanguay is hit by Bobby Ryan and loses puck.
5:29 of 1st period - Shot by Antoine Vermette.
5:29 of 1st period - Stopped by Josh Harding without a rebound.
5:30 of 1st period - Mike Fisher wins face-off versus Mikko Koivu in Wild zone.
5:33 of 1st period - Shot by Bryan Little.
5:33 of 1st period - Shot Misses the Net.
5:55 of 1st period - Shot by Fedor Tyutin.
5:55 of 1st period - Shot Misses the Net.
5:57 of 1st period - Shot by Daniel Alfredsson.
5:57 of 1st period - Stopped by Jeff Zatkoff without a rebound.
5:58 of 1st period - Antoine Vermette wins face-off versus Bobby Ryan in Blues zone.
5:58 of 1st period - Antoine Vermette is hit by Bobby Ryan.
6:06 of 1st period - Antoine Vermette is hit by Chris Phillips.
6:08 of 1st period - Shot by Alex Tanguay.
6:08 of 1st period - Shot Blocked by Chris Phillips.
6:10 of 1st period - Shot by Antoine Vermette.
6:10 of 1st period - Stopped by Josh Harding without a rebound.
6:11 of 1st period - Mikko Koivu wins face-off versus R.J. Umberger in Wild zone.
6:27 of 1st period - Off-side.
6:28 of 1st period - Antoine Vermette wins face-off versus Bobby Ryan in neutral zone.
8:12 of 1st period - Shot by Mikko Koivu.
8:12 of 1st period - The goal is going for a video replay.
8:12 of 1st period - The goal is refused.
8:13 of 1st period - Chris Conner wins face-off versus Mike Ribeiro in Blues zone.
8:21 of 1st period - Icing by Dan Hamhuis.
8:22 of 1st period - Pierre-Marc Bouchard wins face-off versus Lee Stempniak in Blues zone.
8:57 of 1st period - Icing by Jeff Petry.
8:58 of 1st period - Mikko Koivu wins face-off versus Michael Frolik in Blues zone.
9:09 of 1st period - Icing by John-Michael Liles.
9:10 of 1st period - Mike Fisher wins face-off versus Mikko Koivu in Wild zone.
9:58 of 1st period - John-Michael Liles is hit by Mike Fisher and loses puck.
10:19 of 1st period - Marco Scandella is hit by Mike Fisher and loses puck.
10:28 of 1st period - Shot by Milan Michalek.
10:28 of 1st period - Stopped by Jeff Zatkoff with a rebound.
10:29 of 1st period - Minor Penalty to Kevin Klein for Interference.
10:29 of 1st period - Minor Penalty to Bobby Ryan for Interference.
10:30 of 1st period - Erik Cole wins face-off versus Antoine Vermette in Blues zone.
10:56 of 1st period - Shot by Antoine Vermette.
10:56 of 1st period - Shot Misses the Net.
11:04 of 1st period - Shot by Jussi Jokinen.
11:04 of 1st period - Deflect By Antoine Vermette.
11:04 of 1st period - Stopped by Josh Harding with a rebound.
11:06 of 1st period - Shot by Jeff Petry.
11:06 of 1st period - Stopped by Josh Harding without a rebound.
11:07 of 1st period - Mikko Koivu wins face-off versus Mike Ribeiro in Wild zone.
11:07 of 1st period - Mikko Koivu is hit by Mike Ribeiro.
11:41 of 1st period - Shot by Mike Ribeiro.
11:41 of 1st period - Stopped by Josh Harding without a rebound.
11:42 of 1st period - Erik Cole wins face-off versus Antoine Vermette in Wild zone.
12:14 of 1st period - Mark Streit is hit by Antoine Vermette and loses puck.
12:41 of 1st period - Shot by Milan Michalek.
12:41 of 1st period - Deflect By Daniel Alfredsson.
12:41 of 1st period - Shot Misses the Net.
12:43 of 1st period - Shot by Bobby Ryan.
12:43 of 1st period - Shot Blocked by David Jones.
12:45 of 1st period - Shot by Fedor Tyutin.
12:45 of 1st period - Shot Misses the Net.
13:01 of 1st period - Shot by Daniel Alfredsson.
13:01 of 1st period - Stopped by Jeff Zatkoff without a rebound.
13:02 of 1st period - Pierre-Marc Bouchard wins face-off versus Mike Ribeiro in Blues zone.
13:19 of 1st period - Shot by John-Michael Liles.
13:19 of 1st period - Stopped by Jeff Zatkoff with a rebound.
13:26 of 1st period - Mike Weaver is hit by Erik Cole and loses puck.
13:36 of 1st period - Chris Phillips is hit by Mike Ribeiro and loses puck.
13:41 of 1st period - Shot by Mike Ribeiro.
13:41 of 1st period - Shot Blocked by John-Michael Liles.
13:56 of 1st period - John-Michael Liles is hit by Jeff Petry and loses puck.
14:20 of 1st period - Shot by Dan Hamhuis.
14:20 of 1st period - Stopped by Josh Harding without a rebound.
14:21 of 1st period - Mike Fisher wins face-off versus Mikko Koivu in Wild zone.
14:21 of 1st period - Bryan Little is hit by Marco Scandella and loses puck.
14:31 of 1st period - Fedor Tyutin is hit by Mike Fisher and loses puck.
14:39 of 1st period - Mike Fisher is hit by Fedor Tyutin and loses puck.
15:05 of 1st period - Mikko Koivu is hit by Matt Irwin and loses puck.
15:55 of 1st period - Shot by Antoine Vermette.
15:55 of 1st period - Stopped by Josh Harding without a rebound.
15:56 of 1st period - Mike Ribeiro wins face-off versus Erik Cole in Wild zone.
16:55 of 1st period - Shot by Marco Scandella.
16:55 of 1st period - Stopped by Jeff Zatkoff without a rebound.
16:56 of 1st period - Antoine Vermette wins face-off versus Bobby Ryan in Blues zone.
16:56 of 1st period - Antoine Vermette is hit by Milan Michalek.
17:37 of 1st period - Marian Gaborik is hit by Jeff Petry and loses puck.
18:07 of 1st period - Off-side.
18:08 of 1st period - Pierre-Marc Bouchard wins face-off versus R.J. Umberger in neutral zone.
18:21 of 1st period - Minor Penalty to Erik Cole for Interference.
18:22 of 1st period - Pierre-Marc Bouchard wins face-off versus Mike Ribeiro in Wild zone.
18:35 of 1st period - Shot by Alex Tanguay.
18:35 of 1st period - Shot Misses the Net.
18:37 of 1st period - Shot by Dan Hamhuis.
18:37 of 1st period - Deflect By Bryan Little.
18:37 of 1st period - Shot Misses the Net.
18:39 of 1st period - Shot by Dan Hamhuis.
18:39 of 1st period - Shot Blocked by Chris Phillips.
18:51 of 1st period - Shot by Mike Ribeiro.
18:51 of 1st period - Stopped by Josh Harding without a rebound.
18:52 of 1st period - Pierre-Marc Bouchard wins face-off versus Jussi Jokinen in Wild zone.
18:52 of 1st period - Pierre-Marc Bouchard is hit by Antoine Vermette.
19:21 of 1st period - Icing by Mike Weaver.
19:22 of 1st period - Jesse Winchester wins face-off versus Antoine Vermette in Blues zone.
Goals for this period are 0 for Wild vs 0 for Blues.
Shots for this period are 15 for Wild vs 8 for Blues.

2nd period


0:01 of 2nd period - Mike Ribeiro wins face-off versus Mikko Koivu in neutral zone.
0:12 of 2nd period - Shot by Matt Irwin.
0:12 of 2nd period - Stopped by Josh Harding without a rebound.
0:13 of 2nd period - Jesse Winchester wins face-off versus Mike Ribeiro in Wild zone.
0:38 of 2nd period - Icing by Marian Gaborik.
0:39 of 2nd period - Antoine Vermette wins face-off versus Bobby Ryan in Wild zone.
0:49 of 2nd period - Mark Streit is hit by Jeff Petry and loses puck.
1:46 of 2nd period - Icing by Bryan Little.
1:47 of 2nd period - Mike Fisher wins face-off versus Pierre-Marc Bouchard in Blues zone.
1:47 of 2nd period - Mike Fisher is hit by Erik Cole.
1:50 of 2nd period - Mike Weaver is hit by Erik Cole and loses puck.
1:54 of 2nd period - Mike Weaver is hit by Chris Phillips and loses puck.
1:58 of 2nd period - Bryan Little is hit by John-Michael Liles.
2:17 of 2nd period - Icing by John-Michael Liles.
2:18 of 2nd period - Pierre-Marc Bouchard wins face-off versus Mike Ribeiro in Wild zone.
2:18 of 2nd period - John-Michael Liles is hit by Mike Ribeiro and loses puck.
2:34 of 2nd period - Icing by Matt Irwin.
2:35 of 2nd period - Mikko Koivu wins face-off versus Mike Ribeiro in Blues zone.
2:42 of 2nd period - Shot by Michael Frolik.
2:42 of 2nd period - Stopped by Josh Harding without a rebound.
2:43 of 2nd period - Mike Fisher wins face-off versus Mikko Koivu in Wild zone.
2:53 of 2nd period - Off-side.
2:54 of 2nd period - Antoine Vermette wins face-off versus Bobby Ryan in neutral zone.
2:57 of 2nd period - Shot by Carl Gunnarsson.
2:57 of 2nd period - Shot Blocked by Mark Streit.
3:20 of 2nd period - Shot by Bobby Ryan.
3:20 of 2nd period - Stopped by Jeff Zatkoff without a rebound.
3:21 of 2nd period - Mike Fisher wins face-off versus Mikko Koivu in Blues zone.
3:23 of 2nd period - Icing by Bryan Little.
3:24 of 2nd period - Mikko Koivu wins face-off versus Mike Fisher in Blues zone.
3:24 of 2nd period - Minor Penalty to Jeff Petry for Hooking.
3:25 of 2nd period - Jussi Jokinen wins face-off versus Mikko Koivu in Blues zone.
3:31 of 2nd period - Icing by Fedor Tyutin.
3:32 of 2nd period - Jussi Jokinen wins face-off versus Mikko Koivu in Wild zone.
3:32 of 2nd period - Carl Gunnarsson is hit by Fedor Tyutin.
4:00 of 2nd period - Daniel Alfredsson is hit by Mike Ribeiro and loses puck.
4:08 of 2nd period - Icing by Fedor Tyutin.
4:09 of 2nd period - Mikko Koivu wins face-off versus Bryan Little in Wild zone.
4:19 of 2nd period - Shot by Dan Hamhuis.
4:19 of 2nd period - Stopped by Josh Harding without a rebound.
4:20 of 2nd period - Bobby Ryan wins face-off versus Jussi Jokinen in Wild zone.
4:29 of 2nd period - Shot by Bobby Ryan.
4:29 of 2nd period - Stopped by Jeff Zatkoff without a rebound.
4:30 of 2nd period - Bryan Little wins face-off versus Bobby Ryan in Blues zone.
5:14 of 2nd period - Icing by Mark Streit.
5:15 of 2nd period - Bobby Ryan wins face-off versus Jussi Jokinen in Wild zone.
5:21 of 2nd period - Off-side.
5:22 of 2nd period - Jussi Jokinen wins face-off versus Mikko Koivu in neutral zone.
5:36 of 2nd period - Shot by Mike Fisher.
5:36 of 2nd period - Shot Blocked by Fedor Tyutin.
5:49 of 2nd period - Shot by Mike Fisher.
5:49 of 2nd period - Shot Blocked by Marco Scandella.
6:14 of 2nd period - Icing by Matt Irwin.
6:15 of 2nd period - Mike Fisher wins face-off versus Bobby Ryan in Blues zone.
6:46 of 2nd period - Minor Penalty to Kevin Klein for High sticking.
6:47 of 2nd period - Jussi Jokinen wins face-off versus Mikko Koivu in Blues zone.
6:56 of 2nd period - Daniel Alfredsson is hit by Jussi Jokinen and loses puck.
7:14 of 2nd period - Icing by John-Michael Liles.
7:15 of 2nd period - Mikko Koivu wins face-off versus Bryan Little in Wild zone.
7:26 of 2nd period - Shot by Fedor Tyutin.
7:26 of 2nd period - Stopped by Jeff Zatkoff without a rebound.
7:27 of 2nd period - Jussi Jokinen wins face-off versus Michael Ryder in Blues zone.
7:56 of 2nd period - Shot by Mark Streit.
7:56 of 2nd period - Shot Misses the Net.
8:02 of 2nd period - Shot by Bobby Ryan.
8:02 of 2nd period - Shot Blocked by Dan Hamhuis.
8:04 of 2nd period - Shot by Mark Streit.
8:04 of 2nd period - Shot Misses the Net.
8:06 of 2nd period - Shot by Bobby Ryan.
8:06 of 2nd period - Shot Blocked by Mike Weaver.
8:08 of 2nd period - Shot by Michael Stone.
8:08 of 2nd period - Stopped by Jeff Zatkoff without a rebound.
8:09 of 2nd period - Mikko Koivu wins face-off versus Bryan Little in Blues zone.
8:20 of 2nd period - Daniel Alfredsson is hit by Jeff Petry and loses puck.
8:25 of 2nd period - Shot by Mikko Koivu.
8:25 of 2nd period - Deflect By Daniel Alfredsson.
8:25 of 2nd period - Stopped by Jeff Zatkoff with a rebound.
8:34 of 2nd period - Mikko Koivu is hit by Jeff Petry and loses puck.
8:43 of 2nd period - Shot by Daniel Alfredsson.
8:43 of 2nd period - Shot Misses the Net.
8:45 of 2nd period - Shot by John-Michael Liles.
8:45 of 2nd period - Shot Misses the Net.
8:54 of 2nd period - Lee Stempniak is hit by Michael Stone and loses puck.
8:57 of 2nd period - Shot by Lee Stempniak.
8:57 of 2nd period - Stopped by Josh Harding without a rebound.
8:58 of 2nd period - Antoine Vermette wins face-off versus Chris Conner in Wild zone.
8:59 of 2nd period - Shot by Jussi Jokinen.
8:59 of 2nd period - Shot Blocked by Fedor Tyutin.
10:14 of 2nd period - Bryan Little is hit by Daniel Alfredsson.
10:18 of 2nd period - Shot by Jiri Hudler.
10:18 of 2nd period - Stopped by Josh Harding without a rebound.
10:19 of 2nd period - Mike Ribeiro wins face-off versus Bobby Ryan in Wild zone.
10:57 of 2nd period - Icing by John-Michael Liles.
10:58 of 2nd period - Mike Fisher wins face-off versus Bobby Ryan in Wild zone.
11:25 of 2nd period - Shot by Bryan Little.
11:25 of 2nd period - Shot Misses the Net.
11:39 of 2nd period - Icing by Jiri Hudler.
11:40 of 2nd period - Pierre-Marc Bouchard wins face-off versus Jiri Hudler in Blues zone.
11:45 of 2nd period - Shot by Pierre-Marc Bouchard.
11:45 of 2nd period - Shot Misses the Net.
12:22 of 2nd period - Shot by Antoine Vermette.
12:22 of 2nd period - Stopped by Josh Harding without a rebound.
12:23 of 2nd period - Mike Ribeiro wins face-off versus Mikko Koivu in Wild zone.
12:41 of 2nd period - Michael Frolik is hit by Marco Scandella and loses puck.
12:47 of 2nd period - Mike Ribeiro is hit by Fedor Tyutin and loses puck.
13:05 of 2nd period - Mikko Koivu is hit by Michael Frolik and loses puck.
13:37 of 2nd period - Shot by Marian Gaborik.
13:37 of 2nd period - Shot Misses the Net.
13:49 of 2nd period - Shot by Jussi Jokinen.
13:49 of 2nd period - Stopped by Josh Harding without a rebound.
13:50 of 2nd period - Bryan Little wins face-off versus Pierre-Marc Bouchard in Wild zone.
14:42 of 2nd period - Milan Michalek is hit by Jeff Petry and loses puck.
15:13 of 2nd period - Shot by Marian Gaborik.
15:13 of 2nd period - Stopped by Jeff Zatkoff with a rebound.
15:15 of 2nd period - Shot by Chris Phillips.
15:15 of 2nd period - Shot Blocked by Jeff Petry.
15:31 of 2nd period - Shot by Daniel Alfredsson.
15:31 of 2nd period - Stopped by Jeff Zatkoff without a rebound.
15:32 of 2nd period - Antoine Vermette wins face-off versus Mikko Koivu in Blues zone.
15:32 of 2nd period - Antoine Vermette is hit by Daniel Alfredsson.
15:37 of 2nd period - Off-side.
15:38 of 2nd period - Antoine Vermette wins face-off versus Mikko Koivu in neutral zone.
15:53 of 2nd period - Alex Tanguay is hit by Daniel Alfredsson and loses puck.
15:58 of 2nd period - Shot by Mikko Koivu.
15:58 of 2nd period - Shot Misses the Net.
16:00 of 2nd period - Shot by Marco Scandella.
16:00 of 2nd period - Shot Misses the Net.
16:07 of 2nd period - Off-side.
16:08 of 2nd period - Mike Ribeiro wins face-off versus Bobby Ryan in neutral zone.
16:11 of 2nd period - Shot by Matt Irwin.
16:11 of 2nd period - Shot Misses the Net.
16:29 of 2nd period - Shot by Bobby Ryan.
16:29 of 2nd period - Goal by Bobby Ryan - Wild : 1 - Blues : 0.
16:30 of 2nd period - Mikko Koivu wins face-off versus Antoine Vermette in neutral zone.
16:43 of 2nd period - Marco Scandella is hit by Antoine Vermette and loses puck.
16:53 of 2nd period - Minor Penalty to Marco Scandella for Holding.
16:54 of 2nd period - Jesse Winchester wins face-off versus Bryan Little in Wild zone.
17:05 of 2nd period - Shot by Alex Tanguay.
17:05 of 2nd period - Stopped by Josh Harding with a rebound.
17:07 of 2nd period - Shot by Dan Hamhuis.
17:07 of 2nd period - Shot Misses the Net.
17:21 of 2nd period - Shot by Alex Tanguay.
17:21 of 2nd period - Shot Misses the Net.
17:23 of 2nd period - Shot by Matt Irwin.
17:23 of 2nd period - Stopped by Josh Harding without a rebound.
17:24 of 2nd period - Antoine Vermette wins face-off versus Jesse Winchester in Wild zone.
17:27 of 2nd period - Shot by Jussi Jokinen.
17:27 of 2nd period - Stopped by Josh Harding with a rebound.
17:43 of 2nd period - Shot by Carl Gunnarsson.
17:43 of 2nd period - Goal by Carl Gunnarsson - Wild : 1 - Blues : 1.
17:44 of 2nd period - Bobby Ryan wins face-off versus Mike Ribeiro in neutral zone.
17:44 of 2nd period - Major / Game Misconduct Penalty to Mike Ribeiro for Checking from behind.
17:44 of 2nd period - Mike Ribeiro is ejected from game.
17:45 of 2nd period - Mikko Koivu wins face-off versus Bryan Little in Blues zone.
17:48 of 2nd period - Shot by Michael Stone.
17:48 of 2nd period - Shot Misses the Net.
17:50 of 2nd period - Shot by Mark Streit.
17:50 of 2nd period - Shot Misses the Net.
17:52 of 2nd period - Shot by Mikko Koivu.
17:52 of 2nd period - Shot Blocked by Carl Gunnarsson.
17:54 of 2nd period - Shot by Michael Stone.
17:54 of 2nd period - Shot Misses the Net.
17:56 of 2nd period - Shot by Mark Streit.
17:56 of 2nd period - Shot Blocked by Carl Gunnarsson.
17:58 of 2nd period - Shot by Mark Streit.
17:58 of 2nd period - Shot Misses the Net.
18:00 of 2nd period - Shot by Daniel Alfredsson.
18:00 of 2nd period - Stopped by Jeff Zatkoff without a rebound.
18:01 of 2nd period - Bobby Ryan wins face-off versus Jussi Jokinen in Blues zone.
19:53 of 2nd period - Shot by Carl Gunnarsson.
19:53 of 2nd period - Stopped by Josh Harding without a rebound.
19:54 of 2nd period - Bobby Ryan wins face-off versus Jussi Jokinen in Wild zone.
Goals for this period are 1 for Wild vs 1 for Blues.
Shots for this period are 9 for Wild vs 12 for Blues.

3rd period


0:01 of 3rd period - Bryan Little wins face-off versus Mikko Koivu in neutral zone.
0:18 of 3rd period - Shot by Mikko Koivu.
0:18 of 3rd period - Shot Misses the Net.
0:20 of 3rd period - Shot by Mark Streit.
0:20 of 3rd period - Stopped by Jeff Zatkoff without a rebound.
0:21 of 3rd period - Bryan Little wins face-off versus Bobby Ryan in Blues zone.
0:46 of 3rd period - Shot by Michael Ryder.
0:46 of 3rd period - Shot Blocked by Jussi Jokinen.
0:48 of 3rd period - Shot by John-Michael Liles.
0:48 of 3rd period - Stopped by Jeff Zatkoff with a rebound.
0:50 of 3rd period - Shot by John-Michael Liles.
0:50 of 3rd period - Shot Blocked by Carl Gunnarsson.
0:58 of 3rd period - Shot by John-Michael Liles.
0:58 of 3rd period - Shot Misses the Net.
1:21 of 3rd period - Daniel Alfredsson is hit by Carl Gunnarsson and loses puck.
1:24 of 3rd period - Shot by Mark Streit.
1:24 of 3rd period - Shot Blocked by Carl Gunnarsson.
1:26 of 3rd period - Shot by Mikko Koivu.
1:26 of 3rd period - Shot Misses the Net.
1:28 of 3rd period - Shot by Milan Michalek.
1:28 of 3rd period - Shot Misses the Net.
1:53 of 3rd period - Bryan Little is hit by Michael Stone and loses puck.
2:08 of 3rd period - Dan Hamhuis is hit by Milan Michalek and loses puck.
2:48 of 3rd period - Matt Irwin beats up Marco Scandella.
2:48 of 3rd period - Penalty to Matt Irwin for Fighting.
2:48 of 3rd period - Penalty to Marco Scandella for Fighting.
2:49 of 3rd period - Mike Fisher wins face-off versus Pierre-Marc Bouchard in Blues zone.
2:56 of 3rd period - Shot by Chris Conner.
2:56 of 3rd period - Shot Blocked by Kevin Klein.
2:58 of 3rd period - Shot by Mark Streit.
2:58 of 3rd period - Shot Misses the Net.
3:00 of 3rd period - Shot by Erik Cole.
3:00 of 3rd period - Shot Misses the Net.
3:52 of 3rd period - Shot by Michael Ryder.
3:52 of 3rd period - Stopped by Jeff Zatkoff without a rebound.
3:53 of 3rd period - Antoine Vermette wins face-off versus Bobby Ryan in Blues zone.
4:02 of 3rd period - Bobby Ryan is hit by Antoine Vermette and loses puck.
4:20 of 3rd period - Icing by Carl Gunnarsson.
4:21 of 3rd period - Mikko Koivu wins face-off versus Antoine Vermette in Blues zone.
4:44 of 3rd period - Shot by Alex Tanguay.
4:44 of 3rd period - Stopped by Josh Harding with a rebound.
5:33 of 3rd period - Marian Gaborik is hit by Kevin Klein and loses puck.
6:08 of 3rd period - Shot by Erik Cole.
6:08 of 3rd period - Deflect By Pierre-Marc Bouchard.
6:08 of 3rd period - Shot Misses the Net.
6:10 of 3rd period - Shot by Mark Streit.
6:10 of 3rd period - Stopped by Jeff Zatkoff without a rebound.
6:11 of 3rd period - Mikko Koivu wins face-off versus Antoine Vermette in Blues zone.
6:13 of 3rd period - Daniel Alfredsson is hit by Carl Gunnarsson and loses puck.
6:28 of 3rd period - Shot by Mikko Koivu.
6:28 of 3rd period - Stopped by Jeff Zatkoff without a rebound.
6:29 of 3rd period - Pierre-Marc Bouchard wins face-off versus Jussi Jokinen in Blues zone.
6:46 of 3rd period - Mark Streit is hit by Lee Stempniak and loses puck.
7:43 of 3rd period - Shot by Mike Fisher.
7:43 of 3rd period - Stopped by Josh Harding without a rebound.
7:44 of 3rd period - Mike Fisher wins face-off versus Bobby Ryan in Wild zone.
7:53 of 3rd period - Shot by Bryan Little.
7:53 of 3rd period - Shot Misses the Net.
8:49 of 3rd period - Off-side.
8:50 of 3rd period - Mikko Koivu wins face-off versus Jussi Jokinen in neutral zone.
9:02 of 3rd period - Michael Ryder is hit by Matt Irwin.
9:14 of 3rd period - Shot by Daniel Alfredsson.
9:14 of 3rd period - Shot Misses the Net.
9:16 of 3rd period - Shot by Mikko Koivu.
9:16 of 3rd period - Stopped by Jeff Zatkoff without a rebound.
9:17 of 3rd period - Antoine Vermette wins face-off versus Pierre-Marc Bouchard in Blues zone.
9:17 of 3rd period - Antoine Vermette is hit by Chris Conner.
9:23 of 3rd period - Shot by Carl Gunnarsson.
9:23 of 3rd period - Shot Misses the Net.
9:31 of 3rd period - Shot by Jussi Jokinen.
9:31 of 3rd period - Deflect By Antoine Vermette.
9:31 of 3rd period - Shot Blocked by Marco Scandella.
9:33 of 3rd period - Shot by Mike Weaver.
9:33 of 3rd period - Shot Misses the Net.
9:35 of 3rd period - Shot by Alex Tanguay.
9:35 of 3rd period - Stopped by Josh Harding without a rebound.
9:36 of 3rd period - Mikko Koivu wins face-off versus Mike Fisher in Wild zone.
10:08 of 3rd period - Off-side.
10:09 of 3rd period - Bobby Ryan wins face-off versus R.J. Umberger in neutral zone.
10:39 of 3rd period - Shot by Marian Gaborik.
10:39 of 3rd period - Shot Blocked by Mike Weaver.
10:41 of 3rd period - Shot by Bobby Ryan.
10:41 of 3rd period - Stopped by Jeff Zatkoff without a rebound.
10:42 of 3rd period - Jussi Jokinen wins face-off versus Mikko Koivu in Blues zone.
10:53 of 3rd period - Shot by Alex Tanguay.
10:53 of 3rd period - Shot Misses the Net.
10:55 of 3rd period - Shot by Dan Hamhuis.
10:55 of 3rd period - Deflect By Alex Tanguay.
10:55 of 3rd period - Stopped by Josh Harding with a rebound.
10:57 of 3rd period - Shot by Jeff Petry.
10:57 of 3rd period - Stopped by Josh Harding without a rebound.
10:58 of 3rd period - Jussi Jokinen wins face-off versus Pierre-Marc Bouchard in Wild zone.
11:22 of 3rd period - Minor Penalty to Erik Cole for Hooking.
11:23 of 3rd period - Pierre-Marc Bouchard wins face-off versus Jussi Jokinen in Wild zone.
12:35 of 3rd period - Shot by David Jones.
12:35 of 3rd period - Stopped by Josh Harding without a rebound.
12:36 of 3rd period - Pierre-Marc Bouchard wins face-off versus Antoine Vermette in Wild zone.
12:55 of 3rd period - Shot by Matt Irwin.
12:55 of 3rd period - Stopped by Josh Harding without a rebound.
12:56 of 3rd period - Antoine Vermette wins face-off versus Jesse Winchester in Wild zone.
13:33 of 3rd period - Bobby Ryan is hit by Mike Weaver and loses puck.
13:38 of 3rd period - Shot by Marian Gaborik.
13:38 of 3rd period - Deflect By Bobby Ryan.
13:38 of 3rd period - Shot Misses the Net.
13:40 of 3rd period - Shot by Mark Streit.
13:40 of 3rd period - Shot Misses the Net.
13:47 of 3rd period - Bobby Ryan is hit by Mike Weaver.
13:57 of 3rd period - Shot by Bobby Ryan.
13:57 of 3rd period - Stopped by Jeff Zatkoff without a rebound.
13:58 of 3rd period - Mikko Koivu wins face-off versus R.J. Umberger in Blues zone.
13:59 of 3rd period - Shot by Daniel Alfredsson.
13:59 of 3rd period - Shot Misses the Net.
15:08 of 3rd period - Kevin Klein is hit by Michael Ryder and loses puck.
15:21 of 3rd period - Shot by Antoine Vermette.
15:21 of 3rd period - Deflect By Alex Tanguay.
15:21 of 3rd period - Goal by Alex Tanguay - Wild : 1 - Blues : 2.
15:22 of 3rd period - Bobby Ryan wins face-off versus Mike Fisher in neutral zone.
15:45 of 3rd period - Shot by Michael Frolik.
15:45 of 3rd period - Stopped by Josh Harding without a rebound.
15:46 of 3rd period - Pierre-Marc Bouchard wins face-off versus R.J. Umberger in Wild zone.
15:51 of 3rd period - Shot by John-Michael Liles.
15:51 of 3rd period - Shot Misses the Net.
16:18 of 3rd period - Dan Hamhuis is hit by Pierre-Marc Bouchard and loses puck.
16:27 of 3rd period - Shot by Erik Cole.
16:27 of 3rd period - Stopped by Jeff Zatkoff without a rebound.
16:28 of 3rd period - Milan Michalek wins face-off versus Antoine Vermette in Blues zone.
17:24 of 3rd period - Shot by Mike Fisher.
17:24 of 3rd period - Shot Misses the Net.
17:34 of 3rd period - Shot by Lee Stempniak.
17:34 of 3rd period - Stopped by Josh Harding without a rebound.
17:35 of 3rd period - Mikko Koivu wins face-off versus R.J. Umberger in Wild zone.
17:51 of 3rd period - Minor Penalty to David Jones for Roughing.
17:52 of 3rd period - Bryan Little wins face-off versus Mikko Koivu in Blues zone.
18:02 of 3rd period - Shot by Fedor Tyutin.
18:02 of 3rd period - Shot Blocked by Mike Weaver.
18:04 of 3rd period - Shot by Fedor Tyutin.
18:04 of 3rd period - Shot Misses the Net.
18:06 of 3rd period - Shot by Daniel Alfredsson.
18:06 of 3rd period - Stopped by Jeff Zatkoff without a rebound.
18:07 of 3rd period - Bobby Ryan wins face-off versus Jussi Jokinen in Blues zone.
18:16 of 3rd period - Shot by Marian Gaborik.
18:16 of 3rd period - Stopped by Jeff Zatkoff with a rebound.
18:26 of 3rd period - Shot by Marian Gaborik.
18:26 of 3rd period - Deflect By Bobby Ryan.
18:26 of 3rd period - Stopped by Jeff Zatkoff without a rebound.
18:27 of 3rd period - Bryan Little wins face-off versus Mikko Koivu in Blues zone.
19:02 of 3rd period - Wild, Josh Harding is pulled from the net.
19:34 of 3rd period - Shot by Bobby Ryan.
19:34 of 3rd period - Stopped by Jeff Zatkoff with a rebound.
19:36 of 3rd period - Shot by Marian Gaborik.
19:36 of 3rd period - Shot Blocked by Jeff Petry.
19:38 of 3rd period - Shot by Michael Ryder.
19:38 of 3rd period - Shot Blocked by Carl Gunnarsson.
19:40 of 3rd period - Shot by Bobby Ryan.
19:40 of 3rd period - Shot Misses the Net.
Goals for this period are 0 for Wild vs 1 for Blues.
Shots for this period are 13 for Wild vs 10 for Blues.


Output by the SimonT Hockey Simulator (STHS) for Stephane Roy -- Original Page W3C XHTML 1.0 Valid
Hockey Simulator - Hockey Simulation - Hockey Manager